 Dungeon Crawl Stone Soup version 0.28.0 (webtiles) character file.

Game seed: 4438604845324080389

543086 freelancePsychic the Eclecticist (level 24, -22/154 HPs)
             Began as a Deep Elf Warper on Feb 17, 2022.
             Was the Champion of Dithmenos.
             Killed from afar by a quicksilver dragon (34 damage)
             ... with a bolt of dispelling energy
             ... on level 5 of the Vaults.
             The game lasted 03:20:39 (65472 turns).

freelancePsychic the Eclecticist (Deep Elf Warper) Turns: 65472, Time: 03:20:40

Health: -22/154    AC: 18    Str: 12    XL:     24   Next: 80%
Magic:  0/54       EV: 20    Int: 31    God:    Dithmenos [******]
Gold:   1342       SH:  7    Dex: 18    Spells: 24/64 levels left

rFire   + + .      SeeInvis .   b - +0 staff of Battle
rCold   + . .      Faith    .   X - +1 buckler {rF+}
rNeg    . . .      Spirit   +   t - +4 moon troll leather armour {Spirit, Regen++ MP+5}
rPois   .          Reflect  .   (helmet restricted)
rElec   +          Harm     .   z - +2 cloak
rCorr   +          Rampage  .   s - +2 pair of gloves
Will    ++...                   v - +2 pair of boots of Amorality {rElec rCorr Str+2 Dex+4} Stlth ****++++++
                                W - amulet of magic regeneration
HPRegen 1.95/turn               j - ring of wizardry
MPRegen 0.74/turn               Z - ring "Enteg" {rF+ rC+ Str+2}

@: wreathed by umbra
A: horns 1, subdued magic 1
}: 3/15 runes: barnacled, abyssal, gossamer
a: Renounce Religion, Shadow Step, Shadow Form


You were on level 5 of the Vaults.
You worshipped Dithmenos.
Dithmenos was exalted by your worship.
You visited 9 branches of the dungeon, and saw 44 of its levels.
You visited the Abyss 1 time.
You also visited: Sewer, Bailey, Ice Cave, Volcano and Wizlab.

You collected 5157 gold pieces.
You spent 3815 gold pieces at shops.

Inventory:

Hand Weapons
 b - the +0 staff of Battle (weapon)
   (You acquired it on level 1 of the Lair of Beasts)

   It enhances your conjuration magic.
   It summons a battlesphere in combat, with strength depending on Conjurations
   skill.
   Its strikes trigger the battlesphere's blasts.
Missiles
 J - 4 curare-tipped darts
Armour
 o - +5 swamp dragon scales
 s - a +2 pair of gloves (worn)
 t - the +4 moon troll leather armour (worn) {Spirit, Regen++ MP+5}
   (You found it on level 14 of the Dungeon)

   MP:        It affects your magic capacity (+5).
   Regen:     It increases your rate of health regeneration.
 v - the +2 pair of boots of Amorality (worn) {rElec rCorr Str+2 Dex+4}
   (You bought it in a shop on level 2 of the Vaults)

   Str:       It affects your strength (+2).
   Dex:       It affects your dexterity (+4).
   rElec:     It insulates you from electricity.
   rCorr:     It protects you from acid and corrosion.
 z - a +2 cloak (worn)
 X - a +1 buckler of fire resistance (worn)
Jewellery
 c - an amulet of regeneration
 j - a ring of wizardry (left hand)
 k - a ring of willpower
 q - a +4 ring of protection
 y - a ring of flight
 K - a ring of protection from cold
 N - a ring of fire
 W - an amulet of magic regeneration (around neck)
 Y - an amulet of the acrobat
 Z - the ring "Enteg" (right hand) {rF+ rC+ Str+2}
   (You bought it in a shop on level 4 of the Vaults)

   [ring of protection from fire]

   Str:       It affects your strength (+2).
   rF:        It protects you from fire.
   rC:        It protects you from cold.
Wands
 B - a wand of flame (40) {@v2}
 F - a wand of iceblast (22)
 H - a wand of digging (9)
 P - a wand of polymorph (13)
 Q - a wand of mindburst (8) {@v3}
 S - a wand of acid (13)
 U - a wand of paralysis (14)
Scrolls
 d - 2 scrolls of teleportation {@r4}
 g - 11 scrolls of immolation
 h - 7 scrolls of vulnerability
 i - 3 scrolls of amnesia
 u - 20 scrolls of identify {@r1}
 D - a scroll of fog
 E - a scroll of holy word
 L - 5 scrolls of magic mapping
 O - 9 scrolls of enchant weapon
 R - 2 scrolls of silence
Potions
 a - 2 potions of ambrosia
 f - 2 potions of flight
 m - 3 potions of magic
 n - 8 potions of lignification
 p - 6 potions of cancellation
 r - 22 potions of curing {@q1}
 w - 3 potions of haste {@q3}
 x - 2 potions of mutation
 A - 6 potions of brilliance
 C - 2 potions of invisibility
 G - 3 potions of might
 M - 4 potions of berserk rage
 T - 3 potions of resistance


   Skills:
 + Level 16.8 Fighting
 - Level 3.4 Short Blades
 - Level 9.6 Staves
 - Level 1.0 Throwing
 + Level 4.0 Armour
 - Level 14.6 Dodging
 + Level 20.5 Stealth
 - Level 5.0 Shields
 - Level 20.5 Spellcasting
 - Level 18.4 Conjurations
 - Level 3.2 Translocations
 - Level 7.1 Transmutations
 - Level 5.2 Fire Magic
 - Level 6.8 Air Magic
 - Level 15.7 Earth Magic
 - Level 8.0 Poison Magic
 - Level 11.0 Invocations


You had 24 spell levels left.
You knew the following spells:

 Your Spells              Type           Power      Damage    Failure   Level
a - Lehudib's Crystal Sp  Conj/Erth      51%        10d12     3%          8
b - Stone Arrow           Conj/Erth      100%       3d13      0%          3
c - Ignite Poison         Fire/Tmut/Pois 54%        N/A       1%          3
d - Sticky Flame          Conj/Fire      88%        2d10      1%          4
e - Mephitic Cloud        Conj/Pois/Air  86%        N/A       1%          3
f - Orb of Destruction    Conj           53%        9d13      1%          7
g - Statue Form           Tmut/Erth      45%        N/A       1%          6
h - Irradiate             Conj/Tmut      45%        3d28      1%          5
i - Apportation           Tloc           80%        N/A       1%          1

Your spell library contained the following spells:

 Spells                   Type           Power      Damage    Failure   Level
 Magic Dart               Conj           100%       1d8       0%          1
 Sandblast                Erth           100%       2d20      0%          1
 Shock                    Conj/Air       100%       1d9       0%          1
 Passwall                 Tmut/Erth      56%        N/A       0%          2
 Conjure Flame            Conj/Fire      88%        6-21      0%          3
 Iskenderun's Battlesphe  Conj           100%       2d15      0%          5
 Animate Skeleton         Necr           48%        N/A       1%          1
 Beastly Appendage        Tmut           100%       N/A       1%          1
 Summon Small Mammal      Summ           96%        N/A       1%          1
 Blink                    Tloc           80%        N/A       1%          2
 Call Imp                 Summ           24%        N/A       1%          2
 Ensorcelled Hibernation  Hex/Ice        48%        N/A       1%          2
 Sublimation of Blood     Necr           24%        N/A       1%          2
 Wereblood                Tmut           55%        N/A       1%          2
 Dazzling Flash           Conj/Hex       100%       N/A       1%          3
 Frozen Ramparts          Ice            48%        1d6       1%          3
 Gell's Gravitas          Tloc           40%        N/A       1%          3
 Lesser Beckoning         Tloc           40%        N/A       1%          3
 Ozocubu's Armour         Ice            24%        N/A       1%          3
 Portal Projectile        Hex/Tloc       64%        N/A       1%          3
 Spider Form              Tmut/Pois      57%        N/A       1%          3
 Swiftness                Air            54%        N/A       1%          3
 Teleport Other           Tloc           40%        N/A       1%          3
 Tukima's Dance           Hex            24%        N/A       1%          3
 Airstrike                Air            27%        N/A       1%          4
 Animate Armour           Summ/Erth      100%       N/A       1%          4
 Ice Form                 Ice/Tmut       41%        N/A       1%          4
 Passage of Golubria      Tloc           40%        N/A       1%          4
 Petrify                  Tmut/Erth      68%        N/A       1%          4
 Blade Hands              Tmut           27%        N/A       1%          5
 Fireball                 Conj/Fire      44%        3d18      1%          5
 Conjure Ball Lightning   Conj/Air       45%        3x3d16    1%          6
 Manifold Assault         Tloc           40%        N/A       4%          5
 Silence                  Hex/Air        20%        N/A       4%          5
 Yara's Violent Unravell  Hex/Tmut       20%        3d9       4%          5
 Anguish                  Hex/Necr       12%        N/A       6%          4
 Cause Fear               Hex            12%        N/A       6%          4
 Summon Ice Beast         Ice/Summ       24%        N/A       6%          4
 Agony                    Necr           24%        N/A       17%         5
 Dispersal                Tloc           20%        N/A       26%         6
 Dragon Form              Tmut           27%        N/A       28%         7
 Storm Form               Tmut/Air       27%        N/A       30%         7
 Enfeeble                 Hex            12%        N/A       99%         7
 Ozocubu's Refrigeration  Ice            12%        4d7       99%         7
 Summon Hydra             Summ           12%        N/A       99%         7
 Disjunction              Tloc           20%        N/A       100%        8


Dungeon Overview and Level Annotations

Branches:
Dungeon (15/15)            Temple (1/1) D:5            Lair (6/6) D:11
 Shoals (4/4) Lair:3       Spider (4/4) Lair:3        Slime (0/5) Lair:5
    Orc (2/2) D:11            Elf (3/3) Orc:2        Vaults (5/5) D:14
  Crypt (0/3) Vaults:3     Depths (4/4) D:15            Zot (0/5) Depths:4
  Sewer (visited)          Bailey (visited)           IceCv (visited)
Volcano (visited)          WizLab (visited)

Altars:
Ashenzari
Cheibriados
Dithmenos
Elyvilon
Fedhas
Gozag
Hepliaklqana
Kikubaaqudgha
Makhleb
Nemelex Xobeh
Okawaru
Qazlal
Ru
Sif Muna
Trog
Uskayaw
Wu Jian
Xom
Yredelemnul
Zin
The Shining One
Beogh

Shops:
D:2 !   D:6 !   D:12 (   D:13 (   D:15 *   Orc:2 ?(!!   Shoals:3 [
Vaults:1 ([[   Vaults:2 [:(*   Vaults:4 =   Depths:1 =:=

Portals:
Hell: Depths:2 Depths:3 Depths:4
Abyss: Depths:3 Depths:4
Pandemonium: Depths:2 Depths:4
Ziggurat: Depths:1
Trove: D:15 (give +2 shadow dragon scales)

Annotations:
D:3 4 runed translucent doors, Crazy Yiuf; Drazool's ghost, weakling DsFi
D:7 1 exclusion, Dowan; Joseph
D:9 exclusion: downstairs
D:12 Jorgrun
D:14 exclusions: 3 doors and ugly thing, Louise
D:15 1 runed translucent door, MuffinSoup's ghost, journeyman OpWz
Orc:1 2 runed translucent doors, exclusion: orange crystal statue
Elf:1 exclusion: 4 doors
Elf:2 5 runed translucent doors, Tuny's ghost, adept SpEn
Elf:3 exclusion: deep elf pyromancer
Vaults:3 exclusion: 2 doors
Depths:1 exclusion: 3 doors
Depths:2 exclusion: downstairs
Depths:3 exclusion: battlesphere, Mennas


Innate Abilities, Weirdness & Mutations

You have a pair of small horns on your head.
Your spells are a little easier to cast, but a little less powerful.


Message History

* * * LOW HITPOINT WARNING * * *
The vault warden shoots a bolt.
The bolt barely misses you.
The bolt barely misses your battlesphere.
You feel better.
The quicksilver dragon closely misses you.
The quicksilver dragon completely misses you.
Okay, then.
Blink to where?
Press: ? - help, Dir - move target
As you read the scroll of blinking, it crumbles to dust.
Okay, then.
You feel yourself speed up.
As you read the scroll of fear, it crumbles to dust.
You assume a fearsome visage.
The quicksilver dragon resists with almost no effort.
The quicksilver dragon breathes dispelling energy at you.
The bolt of dispelling energy hits you!!
Your magical effects are unravelling.
* * * LOW HITPOINT WARNING * * *
You feel yourself slow down.
Okay, then.
As you read the scroll of fear, it crumbles to dust.
You assume a fearsome visage.
The vault warden looks frightened!
As you read the scroll of fear, it crumbles to dust.
You assume a fearsome visage.
The quicksilver dragon resists with almost no effort.
The quicksilver dragon breathes dispelling energy at you.
The bolt of dispelling energy hits your battlesphere!!
Your battlesphere is destroyed!
The bolt of dispelling energy hits you.
* * * LOW HITPOINT WARNING * * *
Okay, then.
You feel better.
You conjure a globe of magical energy.
The quicksilver dragon breathes dispelling energy at you.
The bolt of dispelling energy misses you.
The bolt of dispelling energy hits your battlesphere!!
Your battlesphere is destroyed!
The quicksilver dragon breathes dispelling energy at you.
The bolt of dispelling energy hits you!!
You die...

###################
#...§§§.TO§§○p§T.OO
#..§§§§p.p§§§D§O..)
#.§§D##############
#..§§..)T.....[....
#.D#).T#p#.#..#.#.#
#..#..........)....
#.○#.*.#.#.....#.#.
#.@#.[.).......)...
#..#...#).......#..
#.☼#...............
#..#.........###.##
#..#...#)....##[.(#
#).#.....#.).#[}.).
#..#...#...#.......
#.)#.....#...#...[(
#.(#...#.....##.(!#


You could see a quicksilver dragon (catching breath).

Vanquished Creatures
  2 juggernauts
  Bai Suzhen (Vaults:4)
  4 caustic shrikes (Depths:4)
  2 golden dragons
  Arachne (Spider:4)
  7 tentacled monstrosities
  2 liches
  Asterion (Vaults:1)
  2 quicksilver dragons (Vaults:5)
  A walking divine tome (Depths:2)
  An ancient champion (Vaults:3)
  6 sphinxes
  4 tentacled starspawn (Abyss:5)
  5 storm dragons
  5 tengu reavers
  4 shadow dragons
  6 fire giants
  Roxanne (Shoals:2)
  2 draconian knights (WizLab)
  2 iron dragons (Vaults:5)
  A juggernaut zombie (Depths:1)
  A daeva (Abyss:5)
  A cacodemon (Abyss:5)
  A draconian scorcher (Depths:4)
  5 frost giants
  3 orc warlords
  2 deep elf sorcerers
  10 ghost moths
  3 emperor scorpions
  16 vault wardens
  13 stone giants
  A reaper (Depths:4)
  A draconian annihilator (Depths:4)
  15 ironbound preservers
  2 spriggan defenders (Depths:2)
  3 broodmothers
  6 ironbound thunderhulks
  A black draconian (Depths:4)
  17 very ugly things
  4 vampire knights
  A deep elf demonologist (Orc:2)
  A lorocyproca (Abyss:5)
  9 entropy weavers
  A yellow draconian (Depths:4)
  Azrael (D:14)
  4 spark wasps
  2 purple draconians (Depths:4)
  4 white draconians (Depths:4)
  3 dire elephants (Vaults:2)
  A deep elf death mage (Vaults:5)
  3 ettins
  4 merfolk impalers
  8 great orbs of eyes
  10 yaktaur captains
  An ettin (shapeshifter) (Vaults:5)
  5 jiangshi (Depths:4)
  2 deep elf high priests
  5 fire dragons
  4 ice dragons
  A rakshasa (Depths:3)
  22 vault guards
  A peacekeeper (Vaults:4)
  7 boulder beetles
  10 ironbound frosthearts
  Erica (D:9)
  10 hydras
  5 radroaches
  6 spriggan air magi
  6 merfolk aquamancers
  2 ogre magi
  2 alligator snapping turtles
  6 merfolk avatars
  9 two-headed ogres
  A satyr (Shoals:4)
  4 jorogumos
  A death knight (Vaults:3)
  10 centaur warriors
  9 death yaks
  8 deep troll shamans
  A death scarab (Spider:2)
  4 tengu warriors
  3 vampire magi
  2 thrashing horrors (Abyss:5)
  6 deep troll earth magi
  13 dancing weapons
  5 orc high priests
  9 spriggan berserkers
  Sonja (Orc:1)
  3 hell knights
  6 deep elf knights
  2 sun moths (Spider:2)
  A storm dragon zombie (Depths:1)
  A sun demon (Depths:4)
  A fire crab (Lair:4)
  2 sixfirhies (Abyss:5)
  2 wretched stars (Abyss:5)
  12 iron trolls
  4 pharaoh ants
  4 steelbarb worms
  A spatial maelstrom (Abyss:5)
  7 sea snakes
  15 orb spiders
  57 deep trolls
  An obsidian statue (Vaults:3)
  3 glowing orange brains
  Pikel (D:7)
  13 ironbound convokers
  A spriggan simulacrum (Depths:1)
  8 lindwurms (Vaults:1)
  18 wizards
  11 harpies
  11 deep elf archers
  12 orc knights
  A tengu zombie (Depths:1)
  4 starcursed masses (Abyss:5)
  A sphinx zombie (Vaults:4)
  7 necromancers
  An orange crystal statue (Elf:3)
  2 large abominations (Abyss:5)
  5 phantasmal warriors
  17 deep elf pyromancers
  18 deep elf zephyrmancers
  3 mana vipers (WizLab)
  6 orc sorcerers
  2 shining eyes (shapeshifter)
  40 ugly things
  26 wolf spiders
  5 fauns
  A tengu skeleton (Depths:1)
  3 cyclopes
  A frost giant zombie (Depths:1)
  13 elephants
  8 manticores
  A moth of wrath (Spider:3)
  A sphinx skeleton (Depths:1)
  A salamander (Lair:5)
  A worldbinder (Abyss:5)
  5 merfolk sirens
  Maurice (D:8)
  A frost giant skeleton (Depths:1)
  6 black mambas
  A fire giant zombie (Depths:1)
  A stone giant skeleton (Depths:1)
  A guardian serpent (shapeshifter) (D:15)
  An apocalypse crab (Abyss:5)
  19 vault sentinels
  3 water nymphs
  3 gargoyles
  2 ice statues (IceCv)
  28 cane toads
  9 torpor snails
  An unseen horror (D:11)
  A naga mage (WizLab)
  A smoke demon (Abyss:5)
  5 kobold demonologists
  An eye of devastation (shapeshifter) (Depths:4)
  7 rime drakes
  38 yaktaurs
  2 ice devils (Depths:4)
  A redback zombie (D:8)
  8 demonic crawlers
  4 tengu conjurers
  12 komodo dragons
  A spark wasp simulacrum (Depths:1)
  2 efreet
  An ancient zyme (Abyss:5)
  2 freezing wraiths
  2 hellwings (D:8)
  A polar bear (shapeshifter) (Depths:1)
  9 meliai
  24 merfolk
  4 wind drakes
  5 trolls
  26 tarantellas
  3 hornets
  4 tyrant leeches (Lair:6)
  2 raiju
  19 blink frogs
  9 dream sheep
  6 snapping turtles
  37 slime creatures
  A spriggan zombie (Depths:1)
  29 culicivoras
  33 jumping spiders
  25 water elementals
  3 spriggans
  A ynoxinul (Depths:4)
  An air elemental (Elf:2)
  2 vampires
  8 wyverns
  3 basilisks
  68 yaks
  2 wraiths
  A chaos spawn (Depths:2)
  5 fire elementals
  63 redbacks
  A small abomination (Abyss:5)
  Menkaure (D:4)
  13 vampire mosquitoes
  A steam dragon (Lair:4)
  4 wargs (Orc:2)
  13 water moccasins
  A floating eye (shapeshifter) (Depths:1)
  4 hell hounds (D:14)
  A floating eye (Depths:1)
  2 black bears
  40 orc warriors
  3 necrophages
  A sky beast (D:6)
  10 ogres
  14 wolves
  8 boggarts
  A hornet zombie (D:8)
  8 centaurs
  A human skeleton (Vaults:4)
  2 lemures (D:7)
  A human zombie (Vaults:4)
  4 kobold brigands
  24 bullfrogs
  2 scorpions
  2 earth elementals
  A wyvern zombie (D:8)
  4 lindwurm simulacra (IceCv)
  5 wights (D:8)
  4 killer bees (D:9)
  4 electric eels
  A howler monkey (D:9)
  A bullfrog zombie (D:6)
  6 centaur zombies
  3 lava snakes (D:15)
  3 komodo dragon simulacra (IceCv)
  A jelly (D:6)
  A bullfrog skeleton (D:6)
  4 centaur skeletons
  19 orc priests
  An iguana (D:4)
  27 orc wizards
  2 yak simulacra (Lair:5)
  7 polar bear simulacra (Lair:5)
  2 wolf simulacra (Lair:5)
  2 gnolls (D:6)
  3 acid dragon simulacra (IceCv)
  9 adders
  4 river rats (D:5)
  4 shadow imps
  8 steam dragon simulacra (IceCv)
  2 ufetubi
  An adder skeleton (D:4)
  4 worms
  A dart slug (D:2)
  118 orcs
  8 ball pythons
  4 bats
  5 endoplasms
  2 giant cockroaches
  9 goblins
  7 hobgoblins
  7 jackals
  28 kobolds
  7 quokkas
  18 frilled lizards
  6 rats
  A lurking horror (Abyss:5)
  A starspawn tentacle (Abyss:5)
1845 creatures vanquished.

Vanquished Creatures (collateral kills)
  A culicivora (Spider:1)
1 creature vanquished.

Vanquished Creatures (others)
  A deep elf knight (Elf:1)
  A golden eye (Abyss:5)
  A large abomination (Abyss:5)
  A vampire mosquito (D:14)
  A chaos spawn (Abyss:5)
  A small abomination (Abyss:5)
  2 orcs (Orc:2)
  A bush (Lair:5)
  A fire vortex (Lair:5)
  47 fungi
  2 lurking horrors (Abyss:5)
  236 plants
  5 starspawn tentacles (Abyss:5)
  13 withered plants (D:8)
313 creatures vanquished.

Grand Total: 2159 creatures vanquished

Notes
Turn   | Place    | Note
-------+----------+-------------------------------------------
     0 | D:1      | freelancePsychic the Deep Elf Warper began the quest for
                  | the Orb.
     0 | D:1      | Reached XP level 1. HP: 12/12 MP: 6/6
    66 | D:1      | Learned a level 1 spell: Magic Dart
   205 | D:1      | Found a faded altar of an unknown god.
   350 | D:1      | Reached skill level 1 in Stealth
   365 | D:1      | Reached XP level 2. HP: 17/17 MP: 0/8
   905 | D:1      | Reached skill level 1 in Conjurations
  1201 | D:2      | Reached XP level 3. HP: 21/21 MP: 5/10
  1746 | D:2      | Learned a level 3 spell: Stone Arrow
  1778 | D:2      | Found Xiymi's Distillery.
  1909 | D:2      | Reached XP level 4. HP: 26/26 MP: 7/12
  2072 | D:2      | Learned a level 3 spell: Mephitic Cloud
  2408 | D:3      | Found a runed translucent door.
  2409 | D:3      | Noticed Crazy Yiuf
  2741 | D:3      | Found a runed translucent gate.
  2741 | D:3      | Found a runed translucent gate.
  2741 | D:3      | Found a runed translucent gate.
  3644 | D:3      | Learned a level 3 spell: Ignite Poison
  3971 | D:3      | Noticed Drazool's ghost (weakling DsFi)
  3978 | D:3      | Reached skill level 1 in Earth Magic
  4320 | D:4      | Reached XP level 5. HP: 29/30 MP: 2/14
  4561 | D:4      | Noticed Menkaure
  4620 | D:4      | Reached skill level 5 in Spellcasting
  4945 | D:4      | Noticed a water moccasin
  4955 | D:4      | Killed Menkaure
  4956 | D:4      | Reached XP level 6. HP: 35/35 MP: 2/16
  5083 | D:5      | Entered Level 5 of the Dungeon
  5398 | D:5      | Found a glowing drain.
  5488 | Sewer    | Entered a sewer
  5538 | Sewer    | Noticed Pargi
  5801 | D:5      | Found a staircase to the Ecumenical Temple.
  5835 | Temple   | Entered the Ecumenical Temple
  6040 | Temple   | Became a worshipper of Dithmenos the Shadowed
  6434 | D:5      | Reached skill level 1 in Air Magic
  6434 | D:5      | Reached skill level 1 in Poison Magic
  6434 | D:5      | Reached XP level 7. HP: 34/40 MP: 14/18
  7533 | D:6      | Reached skill level 5 in Conjurations
  7724 | D:6      | Reached XP level 8. HP: 45/46 MP: 10/20
  7800 | D:6      | Found Unwer's Distillery.
  8054 | D:7      | Noticed Joseph
  8578 | D:7      | Noticed Dowan
  9020 | D:7      | Noticed Pikel
  9537 | D:8      | Noticed a hellwing
  9709 | D:8      | Reached skill level 1 in Transmutations
  9783 | D:8      | Reached XP level 9. HP: 29/52 MP: 4/23
  9795 | D:8      | Reached * piety under Dithmenos
  9822 | D:8      | Found a flagged portal.
  9829 | Bailey   | Entered a bailey
 10010 | Bailey   | Noticed an orc warlord
 10337 | Bailey   | Found a runed translucent gate.
 10339 | Bailey   | Found a runed translucent gate.
 10403 | Bailey   | Found a runed translucent gate.
 10581 | Bailey   | Reached skill level 5 in Fighting
 10581 | Bailey   | Reached skill level 10 in Spellcasting
 10581 | Bailey   | Reached skill level 5 in Transmutations
 10581 | Bailey   | Reached XP level 10. HP: 60/60 MP: 20/26
 10995 | D:8      | Noticed Maurice
 11170 | D:7      | Killed Pikel
 11555 | D:8      | Reached skill level 1 in Fire Magic
 11565 | D:8      | Reached ** piety under Dithmenos
 12036 | D:8      | Killed Maurice
 12037 | D:8      | Reached XP level 11. HP: 38/64 MP: 18/27
 12176 | D:8      | Learned a level 4 spell: Sticky Flame
 12850 | D:9      | Noticed a four-headed hydra
 13009 | D:9      | Noticed a two-headed ogre
 13020 | D:9      | Killed a two-headed ogre
 13021 | D:9      | Reached skill level 5 in Stealth
 13151 | D:9      | Killed a four-headed hydra
 13179 | D:9      | Identified the +1 ring mail of Reason {rElec MP-9 SInv
                  | Stlth+}
 13407 | D:9      | Noticed Erica
 13419 | D:9      | Killed Erica
 13505 | D:9      | Identified a scroll of acquirement
 13507 | D:9      | Acquired a staff of conjuration
 13669 | D:9      | Reached *** piety under Dithmenos
 13754 | D:9      | Reached skill level 5 in Fire Magic
 13760 | D:9      | Reached skill level 10 in Conjurations
 14118 | D:9      | Found the +1 robe of Vines {NoPotionHeal Regen++++}
 14511 | D:10     | Entered Level 10 of the Dungeon
 14742 | D:9      | Reached XP level 12. HP: 72/72 MP: 21/28
 16147 | D:11     | Noticed a two-headed ogre
 16154 | D:11     | Killed a two-headed ogre
 16155 | D:11     | Reached skill level 1 in Shields
 16202 | D:11     | Reached **** piety under Dithmenos
 16210 | D:11     | Found a frozen archway.
 16324 | IceCv    | Entered an ice cave
 17105 | IceCv    | Noticed an ice dragon
 17246 | D:11     | Noticed a two-headed ogre
 17435 | D:11     | Killed a two-headed ogre
 17650 | D:11     | Found a staircase to the Lair.
 18192 | D:11     | Reached ***** piety under Dithmenos
 18389 | D:11     | Found a staircase to the Orcish Mines.
 18821 | D:11     | Learned a level 5 spell: Irradiate
 18846 | Lair:1   | Entered Level 1 of the Lair of Beasts
 18908 | Lair:1   | Reached skill level 10 in Stealth
 19097 | Lair:1   | Noticed a four-headed hydra
 19106 | Lair:1   | Killed a four-headed hydra
 19532 | Lair:1   | Acquired the +0 staff of Battle
 19532 | Lair:1   | Found the +0 staff of Battle
 19819 | Lair:2   | Found a bloodstained altar of Trog.
 19959 | Lair:2   | Reached XP level 13. HP: 80/80 MP: 10/30
 21126 | Lair:2   | Reached skill level 5 in Shields
 21750 | Lair:3   | Found a staircase to the Shoals.
 22079 | Lair:3   | Found a hole to the Spider Nest.
 22828 | Lair:4   | Found a dark tunnel.
 22834 | Volcano  | Entered a volcano
 22994 | Volcano  | Reached skill level 1 in Staves
 23068 | Volcano  | Noticed a stone giant
 23075 | Volcano  | Killed a stone giant
 23311 | Lair:4   | Reached skill level 10 in Fighting
 23972 | Lair:4   | Reached XP level 14. HP: 75/88 MP: 21/31
 24390 | Lair:5   | Found a staircase to the Slime Pits.
 24622 | Lair:5   | Reached ****** piety under Dithmenos
 25555 | Lair:6   | Entered Level 6 of the Lair of Beasts
 25652 | Lair:6   | Reached skill level 5 in Earth Magic
 26042 | Lair:6   | Reached skill level 5 in Dodging
 26681 | Lair:6   | Identified the +3 trident of Nylex {holy, rN+++ Int+6
                  | Dex-4}
 27080 | Orc:1    | Entered Level 1 of the Orcish Mines
 27080 | Orc:1    | Noticed Sonja
 27174 | D:11     | Reached XP level 15. HP: 57/95 MP: 26/32
 27346 | Orc:1    | Killed Sonja
 27498 | Orc:1    | Found a runed translucent door.
 27536 | Orc:1    | Found the +10 tower shield of Ignorance {rN+ Int-4}
 27571 | Orc:1    | Found a runed translucent door.
 27718 | Orc:2    | Entered Level 2 of the Orcish Mines
 27718 | Orc:2    | Noticed an orc warlord
 27917 | Orc:2    | Killed an orc warlord
 28836 | Orc:2    | Paralysed by an orc sorcerer for 2 turns
 28935 | Orc:2    | Found Gaclik's Distillery.
 28935 | Orc:2    | Found Hoxavefo's Distillery.
 28937 | Orc:2    | Found Puebre's Antique Weapon Shoppe.
 28937 | Orc:2    | Found Rokyunon's Magic Scroll Shop.
 28947 | Orc:2    | Bought a scroll of summoning for 133 gold pieces
 28947 | Orc:2    | Bought a scroll of magic mapping for 49 gold pieces
 28949 | Orc:2    | Bought a potion of brilliance for 56 gold pieces
 28949 | Orc:2    | Bought a potion of magic for 112 gold pieces
 28949 | Orc:2    | Bought 2 potions of curing for 84 gold pieces
 28954 | Orc:2    | Bought a potion of cancellation for 112 gold pieces
 28954 | Orc:2    | Bought a potion of brilliance for 56 gold pieces
 28954 | Orc:2    | Bought a potion of heal wounds for 70 gold pieces
 28954 | Orc:2    | Bought a potion of invisibility for 112 gold pieces
 28954 | Orc:2    | Bought a potion of degeneration for 14 gold pieces
 28954 | Orc:2    | Bought a potion of attraction for 42 gold pieces
 29197 | Orc:2    | Found a staircase to the Elven Halls.
 29475 | D:12     | Found Urinan's Weapon Shop.
 29615 | D:12     | Noticed Jorgrun
 29737 | D:12     | Found a glowing silver altar of Zin.
 30501 | D:13     | Found Pimer's Weapon Shop.
 30537 | D:13     | You fall into a shaft and drop 2 floors!
 30537 | D:15     | Entered Level 15 of the Dungeon
 30588 | D:14     | Found the +4 moon troll leather armour {Spirit, Regen++
                  | MP+5}
 30767 | D:14     | Noticed Louise
 30978 | D:14     | Learned a level 8 spell: Lehudib's Crystal Spear
 31092 | D:14     | Noticed Azrael
 31095 | D:14     | Killed Azrael
 31271 | D:14     | Found a gate to the Vaults.
 31763 | D:15     | Found Zunekock's General Store.
 31797 | D:15     | Reached XP level 16. HP: 101/101 MP: 34/34
 31829 | D:15     | Found a staircase to the Depths.
 31988 | D:15     | Found a runed translucent door.
 31989 | D:15     | Noticed MuffinSoup's ghost (journeyman OpWz)
 32268 | D:15     | Found a portal to a secret trove of treasure.
 32485 | D:15     | Bought a book of the Spheres for 810 gold pieces
 32750 | Spider:1 | Entered Level 1 of the Spider Nest
 32761 | Spider:1 | Learned a level 7 spell: Orb of Destruction
 32895 | Spider:1 | Reached skill level 15 in Conjurations
 33362 | Spider:1 | Reached skill level 1 in Invocations
 34265 | Spider:1 | Reached skill level 5 in Invocations
 36454 | Spider:3 | Reached skill level 10 in Invocations
 37078 | Spider:4 | Entered Level 4 of the Spider Nest
 37083 | Spider:4 | Reached XP level 17. HP: 106/106 MP: 31/36
 37455 | Spider:4 | Reached skill level 10 in Earth Magic
 39566 | Spider:4 | Noticed Arachne
 40719 | Spider:3 | Reached skill level 10 in Dodging
 41225 | Elf:1    | Entered Level 1 of the Elven Halls
 41579 | Elf:1    | Gained mutation: Your spells are a little easier to cast,
                  | but a little less powerful. [a neqoxec]
 41691 | Elf:1    | Lost mutation: Your spells are a little easier to cast, but
                  | a little less powerful. [potion of mutation]
 41691 | Elf:1    | Gained mutation: Your system is resistant to poisons.
                  | (rPois) [potion of mutation]
 42215 | Elf:2    | Found a runed translucent door.
 42222 | Elf:2    | Noticed Tuny's ghost (adept SpEn)
 42524 | Elf:2    | Found a large runed translucent door.
 42524 | Elf:2    | Found a large runed translucent door.
 42561 | Elf:2    | Found a large runed translucent door.
 42561 | Elf:2    | Found a large runed translucent door.
 43146 | Elf:3    | Entered Level 3 of the Elven Halls
 43366 | Elf:3    | Reached XP level 18. HP: 114/114 MP: 34/37
 44286 | Shoals:1 | Entered Level 1 of the Shoals
 44379 | Shoals:1 | Reached skill level 1 in Armour
 44839 | Shoals:2 | Identified Roxanne's Almanac of Transmigration
 44839 | Shoals:2 | Noticed Roxanne
 44845 | Shoals:2 | Killed Roxanne
 44860 | Shoals:2 | Learned a level 6 spell: Statue Form
 44898 | Shoals:3 | Found Liw Rig's Antique Armour Shop.
 44911 | Shoals:3 | Found a white marble altar of Elyvilon.
 45500 | Shoals:4 | Entered Level 4 of the Shoals
 45632 | Shoals:4 | Learned a level 1 spell: Apportation
 46172 | Shoals:3 | Bought a bloodstained ring mail for 270 gold pieces
 46172 | Shoals:3 | Identified the +1 ring mail "Keigytea" {rPois rN+} (You
                  | bought it in a shop on level 3 of the Shoals)
 46185 | Shoals:4 | Got a barnacled rune of Zot
 46524 | Vaults:1 | Entered Level 1 of the Vaults
 46625 | Vaults:1 | Identified the +7 mace of Meut {flame, +Blink rN+ Int+2
                  | Dex+4}
 46651 | Vaults:1 | Reached skill level 15 in Spellcasting
 46901 | Vaults:1 | Found a magical portal.
 46949 | WizLab   | Entered Yara's Duelist Academy
 47228 | WizLab   | Got Yara's Almanac of Enchantment
 47357 | WizLab   | Noticed Vig Mym
 47479 | Vaults:1 | Reached XP level 19. HP: 120/120 MP: 6/40
 47600 | Vaults:1 | Noticed Asterion
 47609 | Vaults:1 | Killed Asterion
 48569 | Vaults:1 | Found Wuvutih's Antique Armour Emporium.
 48569 | Vaults:1 | Found Dasuri's Armour Emporium.
 48580 | Vaults:1 | Found Hueb's Weapon Emporium.
 49333 | Vaults:2 | You fall into a shaft and drop 1 floor!
 49440 | Vaults:3 | Paralysed by a sphinx for 3 turns
 49902 | Vaults:2 | Found Ricvuggo's General Store.
 49928 | Vaults:2 | Bought the +2 pair of boots of Amorality {rElec rCorr Str+2
                  | Dex+4} for 1027 gold pieces
 49939 | Vaults:2 | Bought a potion of heal wounds for 110 gold pieces
 49939 | Vaults:2 | Bought a scroll of magic mapping for 77 gold pieces
 49939 | Vaults:2 | Bought a scroll of magic mapping for 77 gold pieces
 50283 | Vaults:2 | Found Sireg's Book Emporium.
 50529 | Vaults:2 | Found Sita's Weapon Emporium.
 50839 | Vaults:2 | Found Aphenob's Armour Shoppe.
 51106 | Vaults:3 | Found a staircase to the Crypt.
 51213 | Vaults:3 | Reached XP level 20. HP: 122/126 MP: 6/44
 51607 | Vaults:3 | Reached skill level 15 in Earth Magic
 52430 | Vaults:4 | Noticed Bai Suzhen
 52443 | Vaults:4 | Killed Bai Suzhen
 52687 | Vaults:4 | Found Rifaukla's Jewellery Boutique.
 52712 | Vaults:4 | Bought the ring "Enteg" {rF+ rC+ Str+2} for 604 gold pieces
 54006 | Depths:1 | Entered Level 1 of the Depths
 54007 | Depths:1 | Found a one-way gateway to a ziggurat.
 54020 | Depths:1 | Paralysed by a floating eye for 4 turns
 54105 | Depths:1 | Reached skill level 5 in Staves
 54321 | Depths:1 | Paralysed by a floating eye for 4 turns
 54748 | Depths:1 | Found Badiqy's Book Boutique.
 54749 | Depths:1 | Found Inwixun's Jewellery Emporium.
 54749 | Depths:1 | Found Yver's Jewellery Emporium.
 54944 | Depths:1 | Reached skill level 15 in Stealth
 55683 | Depths:2 | Found a gateway to Hell.
 55916 | Depths:2 | Reached XP level 21. HP: 132/132 MP: 29/47
 56161 | Depths:2 | Found a one-way gate leading to the halls of Pandemonium.
 56781 | Depths:2 | Gained mutation: You are weak. (Str -2) [mutagenic glow]
 57627 | Depths:2 | Noticed a juggernaut
 57789 | Depths:2 | Killed a juggernaut
 58427 | Depths:3 | Noticed a golden dragon
 58431 | Depths:3 | Killed a golden dragon
 58432 | Depths:3 | Reached skill level 15 in Fighting
 59134 | Depths:3 | Found a one-way gate to the infinite horrors of the Abyss.
 59136 | Depths:3 | Noticed Mennas
 59500 | Depths:4 | Entered Level 4 of the Depths
 59788 | Depths:4 | Noticed a caustic shrike
 60188 | Depths:4 | Noticed a juggernaut
 60201 | Depths:4 | Killed a juggernaut
 60279 | Depths:4 | Noticed a caustic shrike
 60280 | Depths:4 | Noticed a caustic shrike
 60333 | Depths:4 | Killed a caustic shrike
 60335 | Depths:4 | Killed a caustic shrike
 60340 | Depths:4 | Noticed a caustic shrike
 60342 | Depths:4 | Killed a caustic shrike
 60343 | Depths:4 | Reached XP level 22. HP: 130/140 MP: 5/48
 60495 | Depths:4 | Noticed a golden dragon
 60497 | Depths:4 | Killed a golden dragon
 60514 | Depths:4 | Found a gate to the Realm of Zot.
 61465 | Depths:4 | Killed a caustic shrike
 61843 | Spider:4 | Killed Arachne
 62316 | Spider:4 | Got a gossamer rune of Zot
 62754 | Depths:4 | Voluntarily entered the Abyss.
 62797 | Abyss:4  | Found a burning altar of Makhleb.
 62818 | Abyss:5  | Entered Level 5 of the Abyss
 62884 | Abyss:5  | Gained mutation: Your spells are a little easier to cast,
                  | but a little less powerful. [a neqoxec]
 62937 | Abyss:5  | Lost mutation: Your system is resistant to poisons. (rPois)
                  | [potion of mutation]
 62937 | Abyss:5  | Lost mutation: You are weak. (Str -2) [potion of mutation]
 62937 | Abyss:5  | Gained mutation: You have a pair of small horns on your
                  | head. [potion of mutation]
 62947 | Abyss:5  | Found an ancient bone altar of Kikubaaqudgha.
 63038 | Abyss:5  | Found a corrupted altar of Lugonu.
 63060 | Abyss:5  | Reached XP level 23. HP: 147/147 MP: 19/49
 63060 | Abyss:5  | Reached XP level 24. HP: 152/152 MP: 19/49
 63060 | Abyss:5  | Got an abyssal rune of Zot
 63225 | Abyss:5  | Found a corrupted altar of Lugonu.
 63288 | Abyss:5  | Paralysed by you for 5 turns
 63327 | Depths:4 | Escaped the Abyss
 64418 | Vaults:5 | Entered Level 5 of the Vaults
 65154 | Vaults:5 | Identified the +3 broad axe "Aruyn" {flame, rPois}
 65238 | Vaults:5 | Identified the +2 robe "Geilif" {rN+ Will+}
 65464 | Vaults:5 | HP: 3/154 [quicksilver dragon/bolt of dispelling energy
                  | (13)]
 65468 | Vaults:5 | HP: 1/154 [quicksilver dragon/bolt of dispelling energy
                  | (20)]
 65472 | Vaults:5 | Killed from afar by a quicksilver dragon

Illustrated notes

Levels and vault maps discovered:
D:1:      saegor_arrival_under_anarchy, layout_basic, serial_corexii_hall,
          chequers_hall_statues_wall_a, corexii_hall_statues_deadend,
          ebering_ecumenical_altar_ruins, minmay_lizard_king
D:2:      layout_loops_ring, serial_shops, nicolae_shop_statue_plus,
          grunt_ministairs_3
D:3:      layout_loops_corners, gammafunk_ghost_icy, kennysheep_generic_room_13,
          uniq_crazy_yiuf_cottage
D:4:      layout_layer_cave, uniq_menkaure, uniq_grinder
D:5:      layout_gridville, minmay_temple_entry_poolview,
          lightli_sewer_entry_pipes
D:6:      layout_basic, mainiacjoe_overflow_alcove_2, serial_shops,
          nicolae_shop_trees, grunt_decor_arrowhead, minmay_fractal_squares_5
D:7:      layout_loops_ring, uniq_joseph, uniq_duvessa, uniq_pikel
D:8:      cheibrodos_grave_circle, layout_basic, enter_bailey_2, st_stairs_5,
          minmay_fountain_box, minmay_misc_feat_x, due_unseen_surprise,
          uniq_maurice
D:9:      layout_irregular_city, hellmonk_guarded_unrand_vines, uniq_erica
D:10:     layout_basic
D:11:     layout_roguey, dpeg_oklobed_lair, hiddenorc2_lemuel,
          portal_ice_cave_rime
D:12:     layout_roguey, serial_shops, kennysheep_little_box,
          nicolae_stop_n_shop_1, zin_academy, uniq_jorgrun
D:13:     layout_basic, serial_shops, nicolae_shop_behind_doors,
          beargit_hepliaklqana_dungeon_heroes
D:14:     layout_basic, lightli_vaults_fourway_checkpoint,
          chequers_serial_rivers_small_3, uniq_louise, uniq_azrael
D:15:     hangedman_depths_entry_civil_slaughter, layout_gridville,
          grunt_decor_resistance, hellmonk_ghost_happy_afterlife,
          trove_entry_hex_spiral, nicolae_inconvenience_store, st_stairs_2,
          drop_trap
Temple:   mainiacjoe_temple_archimedes_tessellation
Lair:1:   layout_regular_city, minivault_23, grunt_megastairs_5
Lair:2:   layout_regular_city, basic_altar, nicolae_lair_grazing_beasts
          [nicolae_sub_lair_graze_edge, nicolae_sub_lair_graze_edge,
          nicolae_sub_lair_graze_edge, nicolae_sub_lair_graze_edge],
          serial_bayou_shore_a
Lair:3:   layout_small_grid, minmay_shoals_entry_centaurs, spider_nest_entry_a,
          chequers_serial_rivers_room_b, minivault_26
Lair:4:   nzn_winding_woodlands_large [nzn_winding_woodlands_5x5_perimeter,
          nzn_winding_woodlands_5x15_zeroes,
          nzn_winding_woodlands_5x5_open_star,
          nzn_winding_woodlands_center_lodge,
          nzn_winding_woodlands_15x15_eel_pit,
          nzn_winding_woodlands_center_triple_pond,
          nzn_winding_woodlands_5x5_closed_star,
          nzn_winding_woodlands_5x15_cabin, nzn_winding_woodlands_hourglass],
          layout_long_grid, nicolae_volcano_entry_s_turn, serial_bayou_shore_b,
          serial_bayou_shore_b, lemuel_fruit_fields
Lair:5:   layout_gridlike, slime_dummy, eino_house_with_fridge
Lair:6:   minmay_lair_end_frog_pond, layout_cave_pods
Shoals:1: layout_shoals, wheals_shoals_ruined_temple
Shoals:2: layout_shoals, nicolae_shoals_spectral_cove, uniq_ilsuiw,
          uniq_roxanne, uniq_donald
Shoals:3: layout_shoals, hangedman_feature_mirror, nicolae_take_the_stairs
Shoals:4: shoals_end_grunt_ice, layout_shoals
Spider:1: layout_spider_delve, drop_trap
Spider:2: nicolae_spider_hilbert_zone_6 [nicolae_spider_hilbert_4_sides_1_open,
          nicolae_spider_hilbert_4_sides_1_open,
          nicolae_spider_hilbert_4_sides_1_open,
          nicolae_spider_hilbert_4_sides_1_open,
          nicolae_spider_hilbert_4_sides_1_open,
          nicolae_spider_hilbert_4_sides_1_open,
          nicolae_spider_hilbert_4_sides_1_open]
Spider:3: nicolae_spider_mines_2
Spider:4: johnstein_spider_rune_arachne_lair
Orc:1:    layout_caves, chequers_guarded_unrand_ignorance, uniq_sonja
Orc:2:    grunt_orc_tribal_feast, layout_caves
Elf:1:    minmay_elf_arrival_plus, layout_loops_ring, orc_legates,
          nicolae_elf_glassroom_feature
Elf:2:    elven_hall_of_blades_hangedman_alternative
          [nicolae_blade_entry_splitting_headache], layout_onion_city,
          ebering_ghost_reflecting_pool, hangedman_elf_targetted_burst,
          lemuel_flamethrower_hall
Elf:3:    minmay_elf_hall_x, layout_rooms, minivault_16
Vaults:1: mu_enter_wizlab_2, vaults_room_fours, vaults_dpeg_spiral,
          hangedman_vaults_hard_town_square, hangedman_vaults_stagger,
          nicolae_vaults_shelves_hall, hangedman_vaults_river_flow,
          nicolae_vaults_three_branches,
          vaults_standard_mumra_enter_the_diamond, v_rooms_2,
          nicolae_vaults_little_squares_3, layout_vaults_big_room, uniq_asterion
Vaults:2: vaults_dpeg_cross, ontoclasm_vaults_loading_screen,
          nicolae_vaults_asterisk, v_pattern_2, grunt_vaults_twisty,
          v_alt_pattern_6, v_misc_33, hangedman_vaults_stitches, v_misc_17,
          nicolae_vaults_network_periphery, layout_vaults_ring, serial_shops,
          shop, nicolae_shop_bloodbath_and_beyond, shop_fountains,
          nicolae_shop_hallway_plus
Vaults:3: dpeg_vaults_monster_box, minmay_crypt_entry_simple_plaza,
          nicolae_vaults_asterisk, vaults_room_grunt_arrival_ludios,
          hangedman_vaults_impose, hangedman_vaults_cutoff,
          nicolae_vaults_statue_guard, vaults_mumra_chevron_long,
          vaults_mumra_minichess_inversion, vaults_mumra_lcd,
          nicolae_vaults_diagonal_hallway_7, ontoclasm_vaults_ring_square,
          hangedman_vaults_corner, v_misc_2, ontoclasm_vaults_ligature,
          layout_vaults_maze_bifur
Vaults:4: nicolae_vaults_asterisk, nicolae_vaults_asterisk,
          nicolae_vaults_little_squares_5, nicolae_vaults_shelves_hall,
          v_misc_24, nicolae_vaults_network_s, ontoclasm_vaults_spin,
          ontoclasm_vaults_bender, vaults_standard_mumra_enter_the_diamond,
          v_misc_22, v_misc_24, ontoclasm_vaults_pinch,
          ontoclasm_vaults_loading_screen, grunt_vaults_hallway_short,
          v_misc_18, layout_vaults_omnibox, serial_shops, nicolae_shop_stone,
          uniq_bai_suzhen
Vaults:5: uniq_margery, uniq_xtahua
Depths:1: lemuel_troll_bridge, layout_gridlike, enter_ziggurat_b,
          skrybe_limestone_x, grunt_hell_entry_demonic_statue, minmay_orc_keep,
          minmay_shop_grove
Depths:2: cheibrodos_spurs, layout_gridville, hell_entry,
          rand_demon_pan_entry_5, infiniplex_staircase_zigzag_4
Depths:3: hellmonk_paralyzer, layout_gridville, hell_entry,
          abyss_entry_glasseish, roderic_lattice_a, statue_in_the_mist_lemuel,
          infiniplex_staircase_pool_2, uniq_mennas
Depths:4: grunt_x_marks_the_spot, layout_gridlike, serial_bayou_ford_a,
          abyss_entry_small_statue_room, rand_demon_pan_entry_7, hell_entry,
          serial_bayou_shore_b, serial_bayou_shore_b

Skill      XL: |  1  2  3  4  5  6  7  8  9 10 11 12 13 14 15 16 17 18 19 20 21 22 23 24 |
---------------+-------------------------------------------------------------------------+-----
Stealth        | 1 2 3 7 10 12 14 15 17 19 20 | 20.5
Conjurations   | 1 2 3 4 5 6 8 10 12 13 14 15 16 17 18 | 18.4
Spellcasting   | 4 5 6 7 8 10 11 12 13 15 18 20 | 20.5
Earth Magic    | 1 3 6 9 11 13 14 15 | 15.7
Fighting       | 2 3 5 6 7 8 10 11 12 13 14 15 16 | 16.8
Air Magic      | 1 2 4 6 |  6.8
Poison Magic   | 1 2 4 6 7 8 |  8.0
Transmutations | 1 5 6 7 |  7.1
Fire Magic     | 2 5 |  5.2
Shields        | 4 5 |  5.0
Staves         | 3 4 6 9 |  9.6
Dodging        | 5 7 8 11 12 13 14 | 14.6
Invocations    | 10 11 | 11.0
Armour         | 2 4 |  4.0
Short Blades   | 3 |  3.4
Throwing       | |  1.0
Translocations | |  3.2

Action                   |  1- 3 |  4- 6 |  7- 9 | 10-12 | 13-15 | 16-18 | 19-21 | 22-24 || total
-------------------------+-------+-------+-------+-------+-------+-------+-------+-------++-------
Melee: Short sword       |    17 |       |       |       |       |       |       |       ||    17
       Dagger            |     1 |    42 |    19 |   131 |     1 |    48 |    36 |       ||   278
       Punch             |       |     1 |     2 |     2 |       |       |       |       ||     5
       Staff             |       |       |     4 |    21 |    50 |    66 |    97 |    66 ||   304
       Headbutt          |       |       |       |       |       |       |       |    18 ||    18
 Cast: Magic Dart        |    84 |   112 |     1 |       |       |       |       |       ||   197
       Stone Arrow       |       |    40 |    67 |   185 |   533 |   561 |   189 |     6 ||  1581
       Mephitic Cloud    |       |     1 |    22 |    84 |    48 |     6 |     7 |       ||   168
       Ignite Poison     |       |       |    12 |    64 |    31 |       |     1 |       ||   108
       Sticky Flame      |       |       |       |    12 |     4 |    10 |     3 |     6 ||    35
       Irradiate         |       |       |       |     1 |     9 |    67 |    45 |    14 ||   136
       Orb of Destructio |       |       |       |       |       |    92 |    52 |     3 ||   147
       Apportation       |       |       |       |       |       |     1 |       |       ||     1
       Lehudib's Crystal |       |       |       |       |       |       |   298 |   181 ||   479
Invok: Shadow Form       |       |       |       |       |       |     4 |     1 |       ||     5
       Shadow Step       |       |       |       |       |       |       |       |     1 ||     1
 Abil: End Transformatio |       |       |       |       |       |     2 |       |       ||     2
Evoke: Wand              |       |       |       |       |     3 |     4 |     4 |     2 ||    13
  Use: Potion            |     1 |       |     1 |     1 |     1 |    18 |     5 |    19 ||    46
       Scroll            |     2 |     9 |     3 |    10 |    13 |    20 |     7 |    13 ||    77
 Stab: Sleeping          |     1 |     1 |       |     5 |     2 |    22 |    27 |       ||    58
       Confused          |       |       |       |    11 |     2 |       |       |       ||    13
       Invisible         |       |       |       |     5 |       |     7 |       |       ||    12
       Distracted        |       |       |       |     1 |     1 |       |     1 |       ||     3
Armor: Leather armour    |     7 |    19 |    26 |       |       |       |       |       ||    52
       Swamp dragon scal |       |       |       |   125 |    71 |   191 |       |       ||   387
       Troll leather arm |       |       |       |       |     4 |    50 |   157 |    65 ||   276
Dodge: Dodged            |    19 |    38 |    46 |   129 |   108 |   270 |   249 |   202 ||  1061
Block: Buckler           |       |       |       |    11 |    51 |   125 |   121 |    65 ||   373
